 Dungeon Crawl Stone Soup version 0.30-a0-949-g53dc5368d7 (console) character file.

Game seed: 4880497099376996491

222 utis the Slasher (level 5, -8/32 HPs)
             Began as a Tengu Wanderer on Mar 27, 2023.
             Mangled by an ogre
             ... wielding a +0 giant club
              (27 damage)
             ... on level 4 of the Dungeon.
             The game lasted 00:07:51 (2751 turns).

utis the Slasher (Tengu Wanderer)                   Turns: 2751, Time: 00:07:52

Health: -8/32      AC:  7    Str: 16    XL:     5   Next: 99%
Magic:  9/9        EV: 14    Int: 16    God:
Gold:   325        SH:  0    Dex: 14    Spells: 4/8 levels left

rFire   . . .      SeeInvis .    a - +2 falchion
rCold   . . .      Faith    .    (no shield)
rNeg    . . .      Spirit   .    l - +0 leather armour
rPois   .          Reflect  .    (helmet restricted)
rElec   .          Rampage  .    (no cloak)
rCorr   .                        (no gloves)
Will    .....                    (boots unavailable)
Stlth   +                        (no amulet)
HPRegen 0.25/turn                O - +4 ring of protection
MPRegen 0.11/turn                S - +6 ring of strength

@: flying quickly and evasively, quick
A: beak, talons 3, nimble flight
a: no special abilities


You were on level 4 of the Dungeon.
You visited 1 branch of the dungeon, and saw 4 of its levels.

You collected 325 gold pieces.

Inventory:

Hand Weapons
 a - a +2 falchion (weapon)
 c - a +0 dagger
 n - a +3 glaive
Missiles
 b - 6 boomerangs (quivered)
 g - 21 stones
Armour
 e - a +0 robe
 l - a +0 leather armour (worn)
Jewellery
 O - a +4 ring of protection (left hand)
 P - a ring of poison resistance
 S - a +6 ring of strength (right hand)
Scrolls
 f - 4 scrolls of identify {unknown}
 i - 2 scrolls of immolation {unknown}
 o - a scroll of magic mapping {unknown}
 p - a scroll of summoning {unknown}
 r - 2 scrolls of enchant armour {unknown}
 s - 2 scrolls of noise {unknown}
 t - a scroll of blinking {unknown}
 w - a scroll of fog {unknown}
Potions
 d - 3 potions of attraction
 h - a potion of brilliance {unknown}
 j - a potion of might {unknown}
 m - a potion of haste {unknown}
 q - a potion of heal wounds {unknown}
 u - a potion of ambrosia {unknown}
 v - a potion of invisibility {unknown}


   Skills:
 + Level 2.8 Fighting
 - Level 4.3 Long Blades
 - Level 2.0 Throwing
 + Level 2.7 Dodging
 - Level 2.0 Spellcasting
 + Level 3.0 Necromancy
 + Level 2.3 Air Magic
 + Level 1.9 Poison Magic


You had 4 spell levels left.
You knew the following spells:

 Your Spells              Type           Power      Damage    Failure   Level
X - Sublimation of Blood  Necr           11%        N/A       11%         2
Y - Cigotuvi's Dreadful   Necr/Pois/Air  18%        N/A       14%         2

Your spell library contained the following spells:

 Spells                   Type           Power      Damage    Failure   Level
 Dazzling Flash           Conj/Hex       2%         N/A       58%         3
 Iskenderun's Mystic Bla  Conj/Tloc      1%         2d3       94%         4
 Yara's Violent Unravell  Hex/Tmut       0%         3d3       100%        5
 Starburst                Conj/Fire      0%         6d3       100%        6
 Enfeeble                 Hex            0%         N/A       100%        7


Dungeon Overview and Level Annotations

Branches:
Dungeon (4/15)
 Temple: D:4-7

Altars:
Nemelex Xobeh
Trog
Xom


Innate Abilities, Weirdness & Mutations

You have a beak for a mouth.
You have claws for feet.
Your magical nature lets you fly swiftly and evasively.


Message History

A hobgoblin comes into view.
The hobgoblin shouts!
A hobgoblin is nearby!
A hobgoblin is nearby!
No target in range!
No target in range!
You hit the hobgoblin.
You kill the hobgoblin!
No target in view!
No target in view!
You see here a hobgoblin corpse.
An ogre comes into view. It is wielding a +0 giant club.
The ogre shouts!
An ogre is nearby!
An ogre is nearby!
You throw a poisoned dart. The poisoned dart hits the ogre.
The ogre is poisoned.
You throw a poisoned dart. The poisoned dart hits the ogre.
The ogre is lightly wounded.
You throw a poisoned dart.
The poisoned dart barely misses the ogre.
You throw a poisoned dart. The poisoned dart hits the ogre.
The ogre looks even sicker.
The ogre is lightly wounded.
You throw a poisoned dart. The poisoned dart hits the ogre.
The ogre is lightly wounded.
You throw a poisoned dart.
The poisoned dart barely misses the ogre.
You see here a hobgoblin corpse.
You throw a poisoned dart. The poisoned dart hits the ogre.
The ogre looks even sicker.
The ogre is moderately wounded.
You hit the ogre but do no damage.
The ogre is moderately wounded.
The ogre hits you with a +0 giant club!
You throw a poisoned dart.
The poisoned dart closely misses the ogre.
The ogre barely misses you.
You hit the ogre. You claw the ogre, but do no damage.
The ogre is almost dead.
The ogre hits you with a +0 giant club!!
Ouch! That really hurt!
You die...

░➘░ ░.░░.░ ░░░..
░➘░░░░.░░.░ ░)░..
░.░....░░.░ ░░.░..
░.░....░░.░ ░.....
░.░....░░.░░░░░.....
░...................
░.░░░░.░░.░░░░░....░
░░░░░░.░░░░.░░.░░░░░░....
░.......OQ................
░.░░░░░...................
░.░░░░.......░░░..░░ ░.░
░........░░..░░ ░.░
░░............. ░.░
░.......░░.... ░.░
░......░░░..░░ ..
.....░░░░░░..░░ ░░░░.
░)....).


You could see an ogre (poisoned).

Vanquished Creatures
  A water moccasin (D:2)
  A gnoll (D:1)
  3 adders
  A worm (D:3)
  2 orcs
  8 ball pythons
  2 bats (D:1)
  5 endoplasms
  7 giant cockroaches
  7 goblins
  4 hobgoblins
  7 jackals
  2 quokkas (D:3)
  3 frilled lizards
  5 kobolds
  7 rats
65 creatures vanquished.

Vanquished Creatures (others)
  10 fungi (D:2)
  3 plants (D:1)
  4 toadstools (D:2)
17 creatures vanquished.

Grand Total: 82 creatures vanquished

Notes
Turn   | Place    | Note
-------+----------+-------------------------------------------
     0 | D:1      | utis the Tengu Wanderer began the quest for the Orb.
     0 | D:1      | utis set off with the following items: a +2 falchion, 7
                  | boomerangs, a +0 dagger, a potion of attraction, a +0 robe;
                  | and the following spells available to memorise: Sublimation
                  | of Blood, Cigotuvi's Dreadful Rot.
     0 | D:1      | Reached XP level 1. HP: 12/12 MP: 4/4
    92 | D:1      | Reached skill level 1 in Dodging
    92 | D:1      | Reached XP level 2. HP: 16/16 MP: 6/6
   421 | D:1      | Reached XP level 3. HP: 21/21 MP: 7/7
   839 | D:2      | Learned a level 2 spell: Cigotuvi's Dreadful Rot
  1417 | D:2      | Learned a level 2 spell: Sublimation of Blood
  1468 | D:2      | Reached XP level 4. HP: 22/26 MP: 8/8
  1500 | D:2      | Reached skill level 1 in Air Magic
  1544 | D:2      | Found a faded altar of an unknown god.
  1686 | D:3      | Noticed a water moccasin
  1727 | D:2      | Killed a water moccasin
  1728 | D:2      | Reached skill level 1 in Poison Magic
  1728 | D:2      | Gained mutation: Your magical nature lets you fly swiftly
                  | and evasively. [Tengu growth]
  1728 | D:2      | Reached XP level 5. HP: 2/31 MP: 2/9
  2181 | D:3      | Identified the +6 short sword "Defec" {heavy, rF- Will+
                  | rCorr}
  2239 | D:3      | Found a bloodstained altar of Trog.
  2241 | D:3      | Found a sparkling altar of Nemelex Xobeh.
  2261 | D:3      | Found a shimmering altar of Xom.
  2721 | D:4      | Noticed an ogre
  2751 | D:4      | Mangled by an ogre

Illustrated notes

Levels and vault maps discovered:
D:1:      lightli_arrival_quake, layout_basic, corexii_hall_statues_t,
          serial_bayou_ford_a
D:2:      layout_basic, ebering_ecumenical_altar_abandoned,
          minmay_gold_behind_fungi
D:3:      layout_rooms, grunt_temple_overflow_open
D:4:      layout_basic

Skill      XL: |  1  2  3  4  5 |
---------------+----------------+-----
Dodging        | 1 2 |  2.7
Necromancy     | 2 3 |  3.0
Fighting       | 2 |  2.8
Air Magic      | 2 |  2.3
Poison Magic   | 1 |  1.9
Long Blades    | |  4.3
Throwing       | |  2.0
Spellcasting   | |  2.0

Action                     |  1- 3 |  4- 6 || total
---------------------------+-------+-------++-------
  Melee: Falchion          |    67 |    68 ||   135
         Kick              |    13 |    18 ||    31
         Peck              |     6 |     2 ||     8
         Punch             |       |     1 ||     1
  Throw: Boomerang         |     4 |       ||     4
         Dart              |       |     8 ||     8
         Stone             |       |     5 ||     5
   Cast: Cigotuvi's Dreadf |       |     2 ||     2
 Armour: Robe              |     4 |       ||     4
         Leather armour    |     7 |    22 ||    29
  Dodge: Dodged            |    27 |    46 ||    73

Table legend: (Time is in decaauts)
 A = Elapsed time spent in this place.
 B = Non-inter-level travel time spent in this place.
 C = Inter-level travel time spent in this place.
 D = Time resting spent in this place.
 E = Time spent auto-exploring this place.
 F = Levels seen in this place.
 G = Mean time per level.
                   A        B        C        D        E       F      G
               +--------+--------+--------+--------+--------+-----+--------+
         Total |   2701 |   2517 |    184 |    282 |   1625 |   4 |  675.2 |
       Dungeon |   2701 |   2517 |    184 |    282 |   1625 |   4 |  675.2 |
               +--------+--------+--------+--------+--------+-----+--------+

Top non-repeatable levels by time:
     D:2: 1009 daAuts
     D:1: 831 daAuts
     D:3: 570 daAuts
     D:4: 290 daAuts
